 Dungeon Crawl Stone Soup version 0.30-a0-718-geaa24f58ff (webtiles) character file.

Game seed: 13550895962916824137

107 ASSMAN the Insei (level 4, 0/38 HPs)
             Began as a Naga Transmuter on Jan 25, 2023.
             Killed by nerve-wracking pain
             ... invoked by an orc priest
              (5 damage)
             ... on level 3 of the Dungeon.
             The game lasted 00:03:38 (1892 turns).

ASSMAN the Insei (Naga Transmuter)                  Turns: 1892, Time: 00:03:39

Health: 0/38       AC:  2    Str: 12    XL:     4   Next: 85%
Magic:  7/7        EV: 10    Int: 15    God:
Gold:   182        SH:  0    Dex: 12    Spells: 6/7 levels left

rFire   . . .      SeeInvis +    d - +2 lajatang (speed)
rCold   . . .      Faith    .    (shield currently unavailable)
rNeg    + . .      Spirit   .    a - +0 robe
rPois   +          Reflect  .    (helmet currently unavailable)
rElec   .          Harm     .    (no cloak)
rCorr   .          Rampage  .    (no gloves)
Will    .....                    (no barding)
Stlth   +                        f - amulet of magic regeneration
HPRegen 0.26/turn                i - ring of positive energy
MPRegen 0.50/turn                (no ring)

@: appendages (expiring), very slow
A: horns 2, AC +1, large, see invisible, deformed body, poison resistance,
slowness 2, spit poison 1, naga tail 1
a: Spit Poison, End Transformation


You were on level 3 of the Dungeon.
You had temporarily grown beastly horns.
You visited 1 branch of the dungeon, and saw 3 of its levels.

You collected 182 gold pieces.

Inventory:

Hand Weapons
 d - a +2 lajatang of speed (weapon)
Armour
 a - a +0 robe (worn)
 g - a +0 helmet (melded)
Jewellery
 f - an amulet of magic regeneration (around neck)
 i - a ring of positive energy (left hand)
Scrolls
 b - 3 scrolls of identify
 e - 2 scrolls of teleportation {unknown}
 h - a scroll of magic mapping {unknown}
 k - 2 scrolls of poison {unknown}
 l - a scroll of immolation {unknown}
 m - a scroll of fog {unknown}
Potions
 c - a potion of curing
 j - a potion of brilliance {unknown}


   Skills:
 - Level 1.0 Fighting
 + Level 1.6 Staves
 - Level 1.5 Dodging
 - Level 3.9 Unarmed Combat
 - Level 2.0 Spellcasting
 + Level 3.6 Transmutations


You had 6 spell levels left.
You knew the following spells:

 Your Spells              Type           Power      Damage    Failure   Level
a - Beastly Appendage     Tmut           24%        N/A       4%          1

Your spell library contained the following spells:

 Spells                   Type           Power      Damage    Failure   Level
 Wereblood                Tmut           12%        N/A       8%          2
 Passwall                 Tmut/Erth      5%         N/A       16%         2
 Foxfire                  Conj/Fire      4%         2x1d4     22%         1
 Spider Form              Tmut/Pois      7%         N/A       30%         3
 Ensorcelled Hibernation  Hex/Ice        2%         N/A       32%         2
 Swiftness                Air            1%         N/A       54%         3
 Ice Form                 Ice/Tmut       7%         N/A       71%         4
 Blade Hands              Tmut           6%         N/A       80%         5
 Yara's Violent Unravell  Hex/Tmut       3%         3d4       96%         5
 Statue Form              Tmut/Erth      4%         N/A       100%        6
 Enfeeble                 Hex            0%         N/A       100%        7


Dungeon Overview and Level Annotations

Branches:
Dungeon (3/15)

Altars:
Elyvilon
The Shining One

Shops:
D:1 (


Innate Abilities, Weirdness & Mutations

You have temporarily grown beastly horns.
Your serpentine skin is tough. (AC +1)
You have supernaturally acute eyesight. (SInv)
Armour fits poorly on your strangely shaped body.
Your system is resistant to poisons. (rPois)
You cover ground very slowly.
You can spit poison.
You have a snake-like lower body.


Message History

You hit the orc.
The orc is almost dead.
The orc misses you.
You barely miss the orc.
The orc is almost dead.
The orc closely misses you. The orc misses you.
You slash the orc!
You kill the orc!
The orc hits you from afar with a +0 trident.
You slash the orc!
You kill the orc!
The orc barely misses you.
Your transformation is almost over.
The orc hits you with a +0 trident!
* * * LOW HITPOINT WARNING * * *
Items here: $ )))) [ †††.
It was a potion of curing.
You feel better.
The orc priest hits you but does no damage.
The orc barely misses you.
You slash the orc priest!
The orc priest is severely wounded.
The orc priest miscasts a cantrip.
The orc hits you with a +0 trident!
* * * LOW HITPOINT WARNING * * *
You closely miss the orc priest.
You headbutt the orc priest, but do no damage.
The orc priest is severely wounded.
The orc priest begins to cast a cantrip, but forgets the words!
The orc barely misses you.
You closely miss the orc priest.
The orc priest is severely wounded.
The orc priest hits you with a +0 dagger.
* * * LOW HITPOINT WARNING * * *
The orc hits you with a +0 trident.
* * * LOW HITPOINT WARNING * * *
You closely miss the orc priest.
The orc priest is severely wounded.
The orc priest calls down the wrath of Beogh upon you.
Pain shoots through your body!
You die...

.##################
.......).........>#
.######@#########.#
#####oo.##### #.#
#...........# #.#
#.#.......#.# #.#
#.8...8.# #.#
#.......# #.######
#.......# #.......
#.......# #.######
#.8.o.8.# #......#


You could see an orc priest and an orc.

Vanquished Creatures
  4 adders
  A worm (D:2)
  A dart slug (D:2)
  6 orcs (D:3)
  4 endoplasms
  3 giant cockroaches
  3 goblins (D:1)
  2 hobgoblins (D:1)
  10 jackals
  5 kobolds
  A quokka (D:2)
  A ball python (D:1)
  6 bats
  5 frilled lizards (D:1)
  2 rats (D:1)
54 creatures vanquished.

Notes
Turn   | Place    | Note
-------+----------+-------------------------------------------
     0 | D:1      | ASSMAN the Naga Transmuter began the quest for the Orb.
     0 | D:1      | Reached XP level 1. HP: 18/18 MP: 3/3
   112 | D:1      | Reached XP level 2. HP: 11/25 MP: 5/5
   245 | D:1      | Found Vorueq's Weapon Shoppe.
   303 | D:1      | Reached XP level 3. HP: 7/31 MP: 6/6
   780 | D:1      | Found a faded altar of an unknown god.
   836 | D:2      | Found a glowing golden altar of the Shining One.
  1158 | D:2      | Reached XP level 4. HP: 22/38 MP: 7/7
  1533 | D:2      | Reached skill level 1 in Staves
  1714 | D:3      | Found a white marble altar of Elyvilon.
  1796 | D:3      | Got the Directory of the Red-Hot Shapeshifter
  1812 | D:3      | Identified the +4 dagger of Atush {heavy, Fly rCorr Str-3
                  | Dex+6}
  1892 | D:3      | Killed from afar by an orc priest

Illustrated notes

Levels and vault maps discovered:
D:1:      minmay_arrival_glassed_features, layout_rooms, basic_ecumenical_altar,
          serial_shops, nicolae_shop_hallway_plus
D:2:      layout_basic, basic_altar
D:3:      cheibrodos_pilgrimage, layout_basic, elyvilon_altar_1

Skill      XL: |  1  2  3  4 |
---------------+-------------+-----
Transmutations | 3 |  3.6
Staves         | 1 |  1.6
Fighting       | |  1.0
Dodging        | |  1.5
Unarmed Combat | |  3.9
Spellcasting   | |  2.0

Action                     |  1- 3 |  4- 6 || total
---------------------------+-------+-------++-------
  Melee: Unarmed           |    64 |       ||    64
         Punch             |     3 |       ||     3
         Headbutt          |     1 |     2 ||     3
         Lajatang          |    44 |    36 ||    80
   Cast: Beastly Appendage |     1 |     3 ||     4
Ability: Spit Poison       |     6 |       ||     6
    Use: Potion            |     1 |     1 ||     2
         Scroll            |     1 |       ||     1
   Stab: Sleeping          |     1 |     1 ||     2
 Armour: Skin              |    53 |       ||    53
         Robe              |    24 |     6 ||    30
  Dodge: Dodged            |    53 |    25 ||    78

Table legend: (Time is in decaauts)
 A = Elapsed time spent in this place.
 B = Non-inter-level travel time spent in this place.
 C = Inter-level travel time spent in this place.
 D = Time resting spent in this place.
 E = Time spent auto-exploring this place.
 F = Levels seen in this place.
 G = Mean time per level.
                   A        B        C        D        E       F      G
               +--------+--------+--------+--------+--------+-----+--------+
         Total |   2333 |   2229 |    104 |    262 |   1588 |   3 |  777.7 |
       Dungeon |   2333 |   2229 |    104 |    262 |   1588 |   3 |  777.7 |
               +--------+--------+--------+--------+--------+-----+--------+

Top non-repeatable levels by time:
     D:2: 1045 daAuts
     D:1: 930 daAuts
     D:3: 357 daAuts
